 Dungeon Crawl Stone Soup version 0.28.0-53-g5a82cb258f (webtiles) character file.

Game seed: 15567089678369421282

760 mcbry74 the Destroyer (level 7, -1/50 HPs)
             Began as a Grey Draconian Conjurer on July 26, 2022.
             Slain by a meliai zombie (5 damage)
             ... on level 5 of the Dungeon.
             The game lasted 00:15:55 (5752 turns).

mcbry74 the Destroyer (Grey Draconian Conjurer)     Turns: 5752, Time: 00:15:55

Health: -1/50      AC: 11    Str:  9    XL:     7   Next: 51%
Magic:  1/10       EV: 12    Int: 20    God:
Gold:   139        SH:  0    Dex: 10    Spells: 4/10 levels left

rFire   . . .      SeeInvis .   d - +2 whip (venom)
rCold   . . .      Faith    .   (no shield)
rNeg    . . .      Spirit   .   (armour unavailable)
rPois   .          Reflect  .   (helmet restricted)
rElec   .          Harm     .   (no cloak)
rCorr   .          Rampage  .   (no gloves)
Will    .....                   (no boots)
Stlth   ++........              (no amulet)
HPRegen 0.16/turn               e - ring of flight
MPRegen 0.12/turn               (no ring)

@: flying
A: AC +11, amphibious, unfitting armour, cold-blooded
a: no special abilities


You were on level 5 of the Dungeon.
You visited 1 branch of the dungeon, and saw 5 of its levels.

You collected 139 gold pieces.

Inventory:

Hand Weapons
 d - a +2 whip of venom (weapon)
 q - a +2 falchion of holy wrath
 r - a +2 dagger of venom
 t - a +0 flail of protection
Missiles
 s - 2 poisoned darts
 w - 4 boomerangs
Jewellery
 e - a ring of flight (left hand)
 n - an amulet of faith
Scrolls
 a - 3 scrolls of identify {unknown}
 c - 2 scrolls of teleportation {unknown}
 h - a scroll of brand weapon {unknown}
 k - 2 scrolls of enchant weapon {unknown}
 l - a scroll of amnesia {unknown}
 m - a scroll of fear {unknown}
 o - a scroll of blinking {unknown}
 p - a scroll of immolation {unknown}
 u - a scroll of enchant armour {unknown}
 x - a scroll of fog {unknown}
 y - a scroll of silence {unknown}
Potions
 b - a potion of heal wounds {unknown}
 f - a potion of brilliance {unknown}
 g - 2 potions of attraction {unknown}
 i - 2 potions of curing {unknown}
 j - a potion of resistance {unknown}
 v - a potion of might {unknown}


   Skills:
 - Level 1.7 Dodging
 - Level 1.7 Stealth
 - Level 2.0 Spellcasting
 + Level 9.0 Conjurations
 + Level 3.0 Earth Magic


You had 4 spell levels left.
You knew the following spells:

 Your Spells              Type           Power      Damage    Failure   Level
a - Magic Dart            Conj           100%       1d8       1%          1
b - Searing Ray           Conj           76%        2d7       1%          2
c - Stone Arrow           Conj/Erth      52%        3d10      4%          3

Your spell library contained the following spells:

 Spells                   Type           Power      Damage    Failure   Level
 Dazzling Flash           Conj/Hex       40%        N/A       8%          3
 Fulminant Prism          Conj/Hex       10%        3d9       24%         4
 Iskenderun's Mystic Bla  Conj/Tloc      20%        2d6       24%         4
 Summon Guardian Golem    Hex/Summ       2%         N/A       43%         3
 Orb of Destruction       Conj           19%        9d8       97%         7
 Summon Forest            Summ/Tloc      1%         N/A       99%         5
 Eringya's Noxious Bog    Tmut/Pois      1%         N/A       100%        6
 Spellforged Servitor     Conj/Summ      10%        N/A       100%        7
 Summon Hydra             Summ           1%         N/A       100%        7
 Lehudib's Crystal Spear  Conj/Erth      13%        10d4      100%        8
 Animate Armour           Summ/Erth      Unusable   N/A       N/A         4

Dungeon Overview and Level Annotations

Branches:
Dungeon (5/15)
 Temple: D:4-7

Altars:
Dithmenos
Gozag
Hepliaklqana
Wu Jian
The Shining One


Innate Abilities, Weirdness & Mutations

Your dull iron-grey scales are very hard. (AC +11)
You are amphibious.
You cannot fit into any form of body armour.
You are cold-blooded and may be slowed by cold attacks.


Message History

Your tail-slap misses the meliai zombie.
The meliai zombie is heavily damaged.
The meliai zombie misses you. x2
The meliai zombie hits you but does no damage. x2
You barely miss the meliai zombie.
The meliai zombie is heavily damaged.
The meliai zombie closely misses you. The meliai zombie hits you.
The meliai zombie closely misses you. The meliai zombie hits you.
You barely miss the meliai zombie.
Your tail-slap misses the meliai zombie.
The meliai zombie is heavily damaged.
The meliai zombie hits you. x2; The meliai zombie barely misses you.
The meliai zombie hits you.
* * * LOW HITPOINT WARNING * * *
The meliai zombie hits you but does no damage.
The meliai zombie hits you.
* * * LOW HITPOINT WARNING * * *
The meliai zombie hits you!
* * * LOW HITPOINT WARNING * * *
The meliai zombie hits you but does no damage.
The meliai zombie hits you.
* * * LOW HITPOINT WARNING * * *
The meliai zombie hits you but does no damage.
Casting: Magic Dart (safe; 1% risk of failure)
Confirm with . or Enter, or press ? or * to list all spells.
Aiming: Magic Dart (safe; 1% risk of failure)
Press: ? - help, Shift-Dir - straight line, f/p - meliai zombie
Aim: a meliai zombie (heavily damaged, 100% to hit)
The magic dart hits the meliai zombie.
The meliai zombie is heavily damaged.
The meliai zombie hits you but does no damage.
The meliai zombie closely misses you.
Okay, then.
Casting: Magic Dart (safe; 1% risk of failure)
Confirm with . or Enter, or press ? or * to list all spells.
Okay, then.
The meliai zombie closely misses you. The meliai zombie hits you.
* * * LOW HITPOINT WARNING * * *
The meliai zombie hits you.
You die...

### ... ... ..# #.. ##.# ..#
#.# #.# ... ..# #.# #.# ..#
... ##.## ..# #.# ##...####..#
#.# ####.# ##........>.# ..#
##.##.###.......##(......
######...#.##...@Z....####?..#
[...........'.........+ ...
#####....####.........# # #
#.#.## ##.......## # #.###
##.....## # #.# ##...## # #.#
##+## # #.# # #..


You could see a meliai zombie.

Vanquished Creatures
  A black bear (D:4)
  An ogre (D:4)
  A scorpion (D:4)
  5 hounds
  A bullfrog skeleton (D:4)
  3 orc priests
  An iguana (D:4)
  Jessica (D:2)
  2 orc wizards
  4 gnolls (D:2)
  An adder (D:3)
  2 adder skeletons (D:4)
  A worm (D:2)
  3 dart slugs
  17 orcs
  9 endoplasms
  4 giant cockroaches
  3 goblins
  8 hobgoblins
  4 jackals (D:3)
  6 kobolds
  2 quokkas
  5 ball pythons
  8 bats
  A frilled lizard (D:2)
  5 rats
99 creatures vanquished.

Vanquished Creatures (others)
  3 fungi (D:2)
  9 plants (D:2)
12 creatures vanquished.

Grand Total: 111 creatures vanquished

Notes
Turn   | Place    | Note
-------+----------+-------------------------------------------
     0 | D:1      | mcbry74 the Draconian Conjurer began the quest for the Orb.
     0 | D:1      | Reached XP level 1. HP: 14/14 MP: 3/3
   399 | D:1      | Reached XP level 2. HP: 20/20 MP: 3/5
  1150 | D:2      | Noticed Jessica
  1160 | D:2      | Killed Jessica
  1161 | D:2      | Reached skill level 5 in Conjurations
  1161 | D:2      | Reached XP level 3. HP: 20/26 MP: 1/6
  1730 | D:2      | Reached XP level 4. HP: 33/33 MP: 1/7
  1797 | D:2      | Found a faded altar of an unknown god.
  1855 | D:2      | Reached skill level 6 in Conjurations
  1938 | D:2      | Learned a level 2 spell: Searing Ray
  2623 | D:3      | Reached XP level 5. HP: 36/38 MP: 0/8
  2757 | D:3      | Found a shadowy altar of Dithmenos.
  2934 | D:3      | Reached skill level 7 in Conjurations
  3186 | D:3      | Found a glowing golden altar of the Shining One.
  3238 | D:3      | Found an opulent altar of Gozag.
  3378 | D:4      | Reached XP level 6. HP: 45/45 MP: 7/9
  3598 | D:4      | Found a hazy altar of Hepliaklqana.
  4124 | D:4      | Found an ornate altar of the Wu Jian Council.
  4321 | D:4      | Reached skill level 8 in Conjurations
  4409 | D:4      | Your scales start taking on a dull iron-grey colour.
  4409 | D:4      | Reached XP level 7. HP: 9/50 MP: 4/10
  4669 | D:4      | Learned a level 3 spell: Stone Arrow
  4771 | D:4      | Reached skill level 1 in Earth Magic
  5369 | D:5      | Entered Level 5 of the Dungeon
  5737 | D:5      | Reached skill level 9 in Conjurations
  5752 | D:5      | Slain by a meliai zombie

Illustrated notes

Levels and vault maps discovered:
D:1:      co_arrival_random_square_maze, layout_basic, minmay_misc_feat_rugged
D:2:      layout_basic, dreamdust_ecumenical_altar_grove, serial_bayou_pond_c,
          kennysheep_jessica_study
D:3:      layout_rooms, lemuel_coloured_pillars_altar, grunt_gozag_statues,
          tso_metal_star
D:4:      layout_basic, lemuel_round_altar, nicolae_wu_jian_wuxing_cycle,
          kennysheep_small_circle
D:5:      layout_loops_corners, old_standard_altar

Skill      XL: |  1  2  3  4  5  6  7 |
---------------+----------------------+-----
Conjurations   | 5 6 7 8 9 |  9.0
Earth Magic    | 3 |  3.0
Dodging        | |  1.7
Stealth        | |  1.7
Spellcasting   | |  2.0

Action                   |  1- 3 |  4- 6 |  7- 9 || total
-------------------------+-------+-------+-------++-------
Melee: Whip              |     7 |    39 |    10 ||    56
       Tailslap          |       |     2 |     1 ||     3
       Flail             |       |     1 |       ||     1
 Cast: Magic Dart        |    72 |    97 |    20 ||   189
       Searing Ray       |       |     6 |     2 ||     8
       Stone Arrow       |       |       |     8 ||     8
Armor: Skin              |     5 |    14 |    15 ||    34
Dodge: Dodged            |     6 |    35 |    19 ||    60
